Map: Odyssey LE

Players

Gumiho

  • Race: Terran Terran
  • League: Master
  • Spawn Location: 5:00

Zest - Winner!

  • Race: Protoss Protoss
  • League: Master
  • Spawn Location: 11:00

Event: HomeStory Cup XV

VOD

Have the link to the VOD?

Description

Time

  • Played on: July 23, 2017, 9:19 a.m.
  • Length: 16:08

All games in this series

Show
View Real Time Build Order
Export as new Build Order

Gumiho Terran 

Build Orders: Reaper Expand, MMM Bio 

Get SALT Encoding   

  12  0:00  SCV  
  13  0:13  SCV  
  14  0:17  Supply Depot  
  14  0:25  SCV  
  15  0:38  SCV  
  15  0:40  Barracks  
  16  0:44  Refinery  
  16  0:50  SCV  
  17  1:03  SCV  
  18  1:15  SCV  
  19  1:27  Orbital Command, Reaper  
  20  1:41  Command Center  
  20  1:53  SCV  
  20  1:54  Supply Depot  
  21  1:59  Marine  
  22  2:05  SCV  
  23  2:08  Factory  
  23  2:17  Marine, SCV  
  23  2:18  Refinery  
  25  2:29  SCV  
  26  2:34  Marine  
  27  2:42  Barracks  
  28  2:44  SCV  
  28  2:52  Widow Mine  
  28  2:54  Barracks Reactor  
  28  2:55  Orbital Command  
  28  2:56  SCV  
  31  3:04  Starport  
  31  3:08  SCV  
  32  3:21  SCV x2  
  32  3:22  Widow Mine  
  36  3:28  Barracks Tech Lab  
  36  3:30  Marine x2  
  36  3:33  SCV x2  
  40  3:35  Supply Depot  
  40  3:41  Viking  
  42  3:45  SCV  
  42  3:46  SCV  
  42  3:47  Marine  
  45  3:49  Stimpack  
  45  3:50  Marine  
  46  3:56  Marine  
  46  3:57  SCV  
  46  3:58  Supply Depot  
  46  4:02  Engineering Bay  
  48  4:03  SCV  
  48  4:06  Factory Tech Lab  
  48  4:09  Refinery  
  49  4:10  Marine  
  49  4:12  Starport Reactor  
  49  4:14  SCV  
  52  4:19  Marine x2  
  52  4:21  Supply Depot  
  52  4:22  SCV  
  54  4:26  SCV  
  54  4:29  Marine  
  54  4:30  Siege Tank  
  59  4:35  Terran Infantry Weapons Level 1  
  59  4:37  SCV  
  59  4:38  Marine, SCV  
  59  4:40  Marine  
  62  4:49  SCV  
  62  4:50  Barracks  
  62  4:51  SCV  
  64  4:53  Marine, Supply Depot  
  64  4:54  Starport Reactor  
  64  4:56  Marine  
  66  5:00  Marine  
  66  5:03  SCV x2  
  69  5:11  Marine, Supply Depot  
  69  5:14  Siege Tank, Supply Depot  
  70  5:15  Marine  
  70  5:17  SCV x2  
  70  5:18  Marine  
  77  5:29  Marine  
  77  5:31  Supply Depot  
  77  5:32  SCV x2, Medivac x2  
  77  5:33  Marine  
  85  5:36  Marine  
  85  5:40  Marine x2  
  88  5:42  Supply Depot  
  88  5:44  SCV x2  
  88  5:46  Marine  
  88  5:48  Siege Tank, Missile Turret  
  92  5:51  Combat Shields, Missile Turret  
  92  5:53  Marine  
  92  5:56  Marine  
  94  5:58  Marine  
  94  5:59  Marine  
  95  6:04  Marine  
  95  6:11  Marine  
  94  6:12  Medivac  
  94  6:13  Medivac  
  94  6:14  Marine  
  94  6:16  Marine x2  
  94  6:17  Supply Depot  
  101  6:19  Supply Depot  
  101  6:22  Marine  
  102  6:28  Marine  
  102  6:32  Siege Tank, Marine  
  106  6:34  Marine  
  106  6:35  Command Center  
  106  6:37  Marine  
  108  6:40  Marine  
  108  6:43  Terran Infantry Armor Level 1  
  108  6:46  Marine  
  110  6:50  Liberator, Marine  
  110  6:51  Marine  
  112  6:55  Marine  
  112  6:58  Marine  
  112  6:59  Liberator  
  102  7:04  Marine  
  102  7:07  Marine  
  99  7:09  SCV x2  
  99  7:11  Refinery  
  99  7:15  Barracks  
  101  7:16  Barracks  
  101  7:18  Marine, Supply Depot  
  105  7:24  SCV x2  
  105  7:27  Factory Reactor  
  107  7:31  Marine x2  
  107  7:35  Marine  
  110  7:37  Marine  
  110  7:38  Marine  
  112  7:48  Marine  
  112  7:49  Marine  
  101  7:53  Marine  
  85  7:59  Marine x2  
  79  8:06  Marine x2  
  79  8:08  Medivac x2, Widow Mine x2  
  79  8:10  Marine  
  87  8:13  Barracks Reactor, Barracks Tech Lab  
  87  8:17  Supply Depot  
  87  8:18  Supply Depot  
  87  8:19  Supply Depot  
  86  8:21  Marine x2  
  86  8:23  Orbital Command  
  86  8:26  Marine  
  86  8:27  Marine  
  88  8:28  Marine  
  88  8:29  SCV x2  
  92  8:36  Marine  
  92  8:37  Widow Mine x2  
  92  8:39  Marauder, Marine  
  98  8:44  Marine x2  
  98  8:46  Marine  
  100  8:53  Supply Depot  
  100  8:54  Marine x2  
  100  8:55  Marauder  
  104  8:57  Marine  
  104  9:00  Marine  
  104  9:02  Marine x2  
  107  9:04  Marine  
  107  9:06  Medivac  
  107  9:09  Medivac  
  110  9:11  Marine  
  110  9:12  Marine  
  110  9:16  Marauder  
  111  9:17  Concussive Shells  
  111  9:19  Marauder  
  113  9:27  Armory  
  113  9:34  Engineering Bay  
  113  9:37  Marauder, Marine x2  
  117  9:40  Marauder, Marine x2  
  117  9:41  Marine  
  117  9:44  Marine  
  116  9:55  Marine x2  
  116  9:58  Marine x3  
  116  9:59  Marauder  
  115  10:00  Widow Mine x2  
  115  10:01  Marine  
  115  10:02  Marine  
  115  10:04  Medivac x2  
  125  10:08  SCV x3  
  125  10:13  Marine x2, Bunker  
  130  10:15  Terran Infantry Weapons Level 2  
  130  10:21  Marine x5  
  130  10:23  Marine  
  136  10:29  Terran Infantry Armor Level 2  
  136  10:30  Marine x2  
  138  10:38  Barracks  
  138  10:39  Marine x5  
  138  10:40  Marine, Barracks  
  138  10:41  Barracks  
  142  10:48  Marine x2  
  141  10:57  Marine x4, SCV x2  
  141  10:58  Marauder, Orbital Command  
  141  10:59  Marauder  
  151  11:06  Marine x2  
  153  11:14  SCV x2, Marine  
  153  11:15  Marine x3  
  158  11:19  Marauder  
  158  11:20  Marauder, Widow Mine x2  
  158  11:23  Medivac x2  
  158  11:24  Marine x2  
  172  11:26  Missile Turret  
  173  11:38  Supply Depot  
  173  11:39  Supply Depot  
  173  11:40  Supply Depot  
  173  11:41  Marauder, Marine, Barracks Tech Lab  
  173  11:43  Barracks Reactor, Barracks Tech Lab  
  173  11:46  Refinery  
  175  11:55  Marauder, Marine x3  
  175  11:57  Marine  
  181  12:02  Marauder, Marine x2  
  181  12:03  Marauder, Marine  
  188  12:13  Marine  
  188  12:16  Marine x2  
  188  12:17  Marauder, Marine  
  188  12:20  Marine, Refinery  
  188  12:21  Marauder  
  195  12:26  Marine  
  195  12:27  Marauder x2, Marine  
  171  12:32  Marine  
  171  12:33  Marine  
  171  12:34  Marine  
  171  12:36  Medivac  
  173  12:46  Marauder, Marine x2  
  148  12:52  Command Center  
  148  12:54  Marauder, Marine x2  
  148  12:55  Marauder, Marine x3  
  148  12:56  Marine x2  
  156  13:00  SCV x3  
  156  13:04  Marine x2  
  161  13:10  Marine  
  161  13:12  Marine  
  163  13:14  Marine x2  
  163  13:15  Marauder  
  163  13:16  Marauder  
  163  13:18  Marine x2  
  168  13:29  Ghost Academy  
  163  13:35  Marauder x2  
  147  13:46  Marauder x2, Marine x2  
  147  13:47  Marine x2  
  137  13:49  Marine x4  
  137  13:55  Medivac x2  
  142  13:56  Marine x2  
  146  14:03  Marine  
  146  14:04  Marine x3  
  146  14:06  Marine x2  
  146  14:07  Marine x4  
  156  14:14  Marine x2  
  158  14:21  Marine x2  
  158  14:22  Marine x2  
  151  14:24  Marine x2  
  151  14:25  Marauder, Marine  
  151  14:29  Marine  
  141  14:33  Widow Mine x2  
  123  14:39  Marine x2  
  123  14:42  Marine x3  
  123  14:45  Ghost x2  
  108  14:46  Marauder  
  108  14:51  Marine  
  111  14:57  Marine x2  
  100  15:00  Marine  
  85  15:19  Orbital Command  
  85  15:20  Planetary Fortress  
  75  15:49  Marine x3  
Show
View Real Time Build Order
Export as new Build Order

Zest Protoss - Winner!

Build Orders: 1 Gate Expand, Oracle Opening, Phoenix Opening 

Get SALT Encoding   

  12  0:00  Probe (Chrono Boost)  
  13  0:11  Probe (Chrono Boost)  
  14  0:17  Pylon  
  14  0:22  Probe (Chrono Boost)  
  15  0:35  Probe (Chrono Boost)  
  16  0:37  Gateway  
  16  0:45  Probe (Chrono Boost)  
  16  0:46  Assimilator  
  17  0:56  Probe (Chrono Boost)  
  18  1:06  Probe (Chrono Boost)  
  19  1:20  Nexus  
  19  1:30  Cybernetics Core  
  19  1:34  Probe (Chrono Boost)  
  20  1:40  Assimilator  
  20  1:45  Probe (Chrono Boost)  
  21  1:51  Pylon  
  21  1:55  Probe (Chrono Boost)  
  22  2:06  Probe (Chrono Boost)  
  23  2:09  Adept (Chrono Boost)  
  25  2:17  Stargate  
  25  2:18  Probe  
  26  2:24  Warp Gate  
  25  2:30  Probe  
  25  2:33  Probe, Adept (Chrono Boost)  
  29  2:42  Probe  
  30  2:44  Probe  
  31  2:55  Probe x2  
  33  3:00  Oracle (Chrono Boost)  
  33  3:05  Probe  
  36  3:07  Probe  
  38  3:16  Probe  
  38  3:18  Pylon  
  38  3:19  Probe  
  40  3:21  Gateway  
  40  3:26  Probe  
  40  3:31  Probe  
  40  3:32  Phoenix (Chrono Boost)  
  44  3:37  Probe  
  45  3:43  Probe  
  46  3:49  Probe  
  46  3:50  Nexus  
  46  3:55  Probe  
  48  3:59  Phoenix (Chrono Boost)  
  50  4:03  Pylon  
  50  4:07  Probe  
  51  4:13  Mothership Core  
  53  4:19  Probe  
  53  4:21  Phoenix (Chrono Boost)  
  53  4:22  Assimilator  
  56  4:25  Assimilator  
  56  4:34  Probe  
  56  4:35  Probe  
  58  4:43  Phoenix (Chrono Boost)  
  60  4:48  Forge, Twilight Council  
  60  4:49  Probe  
  60  4:51  Probe  
  62  4:55  Pylon  
  62  5:05  Phoenix (Chrono Boost)  
  64  5:11  Protoss Ground Armor Level 1 (Chrono Boost)  
  64  5:13  Gateway  
  62  5:14  Gateway  
  62  5:16  Gateway  
  62  5:18  Gateway  
  62  5:19  Gateway  
  62  5:26  Charge (Chrono Boost), Gateway  
  62  5:27  Phoenix  
  64  5:37  Probe  
  64  5:38  Probe  
  66  5:49  Phoenix  
  66  5:51  Sentry  
  66  5:52  Sentry  
  66  5:53  Probe x3  
  66  5:54  Pylon  
  75  5:59  Pylon  
  75  6:01  Pylon  
  75  6:11  Phoenix  
  77  6:18  Zealot x5, Sentry  
  79  6:22  Zealot  
  89  6:29  Zealot  
  91  6:42  Zealot  
  91  6:43  Zealot x6  
  105  6:59  Probe  
  105  7:00  Zealot  
  94  7:05  Zealot x2  
  94  7:06  Zealot x4  
  94  7:08  Zealot  
  92  7:09  Protoss Ground Armor Level 2 (Chrono Boost)  
  92  7:10  Phoenix  
  94  7:19  Pylon  
  94  7:31  Zealot x5  
  94  7:35  Zealot  
  101  7:42  Zealot x2  
  93  7:54  Zealot x4  
  87  8:00  Zealot x2  
  89  8:08  Templar Archives  
  89  8:10  Zealot x2  
  89  8:11  Probe  
  95  8:13  Probe (Chrono Boost)  
  95  8:14  Probe (Chrono Boost)  
  96  8:23  Probe (Chrono Boost)  
  96  8:25  Probe (Chrono Boost)  
  96  8:26  Probe (Chrono Boost)  
  99  8:30  Assimilator  
  99  8:31  Assimilator  
  99  8:37  Psionic Storm  
  99  8:41  Sentry x3  
  105  8:46  Probe x2 (Chrono Boost)  
  105  8:48  Probe (Chrono Boost)  
  108  8:51  Robotics Facility  
  108  8:56  Probe  
  108  8:58  Pylon x2  
  109  9:07  Probe  
  109  9:18  Nexus  
  109  9:20  Pylon  
  108  9:24  Protoss Ground Weapons Level 1 (Chrono Boost), High Templar x2  
  108  9:25  High Templar x4  
  108  9:29  Probe, Archon x3  
  121  9:45  Probe  
  121  9:47  Probe x2, Blink (Chrono Boost)  
  124  9:56  Warp Prism (Chrono Boost)  
  114  10:01  High Templar x2  
  114  10:04  Zealot x2  
  114  10:06  Pylon  
  124  10:07  Nexus  
  124  10:10  Pylon  
  124  10:15  Pylon  
  124  10:18  Pylon  
  124  10:20  Pylon  
  124  10:26  Pylon  
  124  10:28  High Templar x3  
  124  10:29  Zealot x2, High Templar  
  124  10:31  Observer  
  137  10:46  Archon x2  
  137  10:51  Observer  
  137  10:55  Zealot x4  
  146  11:03  Zealot x4  
  151  11:19  Zealot  
  151  11:20  Zealot x3  
  151  11:23  Protoss Shields Level 1 (Chrono Boost)  
  151  11:24  Gateway  
  151  11:25  Gateway  
  159  11:26  Zealot  
  159  11:27  Observer  
  162  11:36  Zealot, High Templar x2  
  168  11:43  Immortal  
  168  11:45  Zealot x2, High Templar x2  
  176  11:54  Archon x2  
  180  11:55  Zealot  
  182  12:05  Zealot  
  182  12:06  Zealot x2  
  188  12:13  Zealot  
  150  12:30  Zealot x8  
  150  12:35  Zealot  
  158  12:51  Archon  
  158  12:55  High Templar x4  
  158  12:56  Zealot x5, Immortal  
  172  13:13  Zealot  
  172  13:20  Zealot x4  
  172  13:21  Zealot  
  172  13:22  Photon Cannon  
  172  13:24  Assimilator  
  182  13:31  Zealot x4  
  184  13:35  Pylon  
  184  13:37  Immortal  
  166  13:51  Stalker x3  
  166  13:53  Pylon  
  166  13:55  Forge, Stalker x2  
  172  13:56  Stalker x2  
  172  14:02  Pylon  
  180  14:04  Forge  
  177  14:12  Pylon  
  177  14:14  Pylon  
  176  14:20  Pylon  
  176  14:21  Pylon  
  153  14:34  Stalker x4  
  153  14:35  Zealot  
  153  14:39  Zealot x2  
  129  15:10  Stalker x4  
  129  15:11  Stalker x2  
  135  15:40  High Templar  
  135  15:41  High Templar x5  
Tags
 
Add a new tag
Caveats
  • Supply blocks, unpowered buildings, or Contaminate may cause inaccurate times.
  • Supply counts are checked every 10 seconds.